Map: [ESL] NeoHumanity

Players

Spirit

  • Race: Terran Terran

Zoun - Winner!

  • Race: Protoss Protoss

Event: IEM Katowice 2023

VOD

Have the link to the VOD?

Description

Time

  • Played on: Feb. 8, 2023, 5:01 p.m.
  • Length: 27:35

All games in this series

Show
View Real Time Build Order
Export as new Build Order

Spirit Terran 

Build Orders:  

Get SALT Encoding   

  12  0:00  SCV  
  13  0:12  SCV  
  14  0:16  Supply Depot  
  14  0:24  SCV  
  15  0:38  SCV  
  15  0:39  Barracks  
  16  0:43  Refinery  
  16  0:50  SCV  
  17  1:02  SCV  
  18  1:14  SCV  
  19  1:26  Marine  
  19  1:27  Orbital Command  
  20  1:41  Command Center  
  20  1:53  Factory  
  20  1:55  SCV  
  21  2:03  Barracks Reactor  
  21  2:06  Supply Depot  
  21  2:09  SCV  
  21  2:13  Refinery  
  22  2:21  SCV  
  23  2:33  SCV  
  24  2:43  Hellion x2  
  28  2:45  SCV  
  28  2:46  Reaper  
  28  2:49  Starport  
  30  2:54  Orbital Command  
  31  3:04  Hellion  
  32  3:06  SCV, Hellion  
  35  3:19  Barracks Tech Lab, SCV  
  36  3:20  SCV  
  36  3:22  Bunker  
  37  3:31  SCV  
  37  3:32  SCV  
  39  3:35  Supply Depot  
  39  3:36  Factory Tech Lab  
  39  3:43  SCV  
  39  3:45  Banshee  
  42  3:50  SCV  
  42  3:51  Marine  
  42  3:59  Marine, SCV  
  42  4:01  Cyclone  
  42  4:02  SCV  
  44  4:09  Marine  
  43  4:11  SCV  
  43  4:14  SCV, Supply Depot  
  45  4:17  Marine  
  45  4:23  SCV  
  47  4:27  SCV  
  47  4:28  Viking  
  47  4:29  Marine  
  47  4:30  Command Center  
  51  4:35  SCV, Cyclone  
  51  4:36  Marine  
  56  4:42  SCV  
  56  4:44  Supply Depot  
  57  4:47  Marine, SCV  
  57  4:51  Barracks  
  58  4:55  SCV  
  58  4:58  Viking  
  58  4:59  SCV  
  62  5:04  Barracks  
  63  5:07  SCV, Refinery  
  63  5:08  Refinery  
  63  5:11  SCV  
  63  5:14  Siege Tank  
  67  5:15  Supply Depot  
  67  5:18  Marine  
  67  5:19  SCV  
  68  5:23  SCV  
  68  5:28  Viking  
  69  5:31  SCV  
  70  5:39  Marine, SCV  
  70  5:42  Engineering Bay x2, Barracks Tech Lab  
  69  5:43  SCV  
  69  5:46  Siege Tank  
  73  5:51  Orbital Command, SCV  
  73  5:55  SCV  
  75  6:03  Marine, Stimpack, SCV  
  77  6:04  Combat Shield  
  77  6:08  Starport Reactor  
  77  6:10  SCV  
  77  6:11  Marine, Orbital Command  
  77  6:15  SCV  
  76  6:22  SCV  
  76  6:23  Barracks x2  
  76  6:25  Marine  
  79  6:26  Marauder x2  
  79  6:27  Siege Tank, SCV  
  86  6:34  SCV  
  86  6:37  SCV, Supply Depot  
  86  6:38  Supply Depot  
  86  6:39  SCV  
  89  6:40  Missile Turret  
  89  6:46  Terran Infantry Armor Level 1, Terran Infantry Weapons Level 1, SCV  
  90  6:48  Marine  
  90  6:50  SCV  
  90  6:51  Marine  
  90  6:52  Marauder  
  93  6:59  Marauder, SCV x2  
  93  7:01  Siege Tank  
  100  7:06  Marine, Medivac, Missile Turret  
  104  7:11  SCV x2  
  104  7:12  Barracks Reactor  
  104  7:13  Barracks Tech Lab, Supply Depot  
  104  7:14  SCV  
  104  7:15  Supply Depot  
  106  7:23  SCV  
  106  7:24  SCV  
  106  7:25  Marine  
  106  7:26  SCV, Marauder x2  
  106  7:27  Medivac  
  116  7:32  Refinery x2  
  116  7:35  SCV  
  116  7:36  SCV  
  117  7:38  Ghost Academy, SCV  
  117  7:41  Armory  
  117  7:47  SCV, Marauder  
  117  7:48  SCV  
  117  7:50  SCV  
  122  7:54  Marauder  
  122  7:57  Supply Depot x2  
  124  7:59  SCV  
  124  8:00  SCV  
  124  8:05  SCV  
  126  8:08  Command Center  
  126  8:09  Marauder  
  128  8:15  Ghost  
  128  8:16  Marine  
  132  8:20  SCV  
  132  8:21  Ghost  
  132  8:23  SCV  
  132  8:26  Marine x2  
  137  8:29  Terran Vehicle Weapons Level 1  
  137  8:30  Ghost  
  137  8:31  Siege Tank  
  137  8:34  Marine  
  142  8:39  Marine  
  142  8:42  Medivac  
  142  8:43  Marine, Sensor Tower  
  142  8:47  Medivac  
  149  8:56  Supply Depot x2  
  149  8:57  Marine x2, Terran Infantry Weapons Level 2, Supply Depot  
  149  9:10  Terran Infantry Armor Level 2  
  149  9:17  Marine x2, Marauder, SCV x2  
  149  9:18  SCV, Marauder  
  149  9:19  Marine  
  149  9:21  Planetary Fortress, Refinery x2  
  149  9:22  Missile Turret  
  159  9:28  Medivac  
  159  9:29  SCV  
  159  9:30  SCV x2  
  163  9:34  Marine  
  163  9:35  Marauder  
  163  9:39  Siege Tank, Marauder  
  163  9:41  SCV  
  163  9:42  SCV  
  170  9:46  Sensor Tower  
  170  9:48  SCV  
  170  9:50  Command Center  
  171  9:53  SCV  
  171  9:54  Missile Turret x2  
  171  9:57  Missile Turret  
  172  10:00  Viking  
  172  10:01  Viking  
  176  10:07  SCV, Armory  
  176  10:09  Starport  
  176  10:17  Barracks  
  176  10:18  Barracks  
  176  10:22  Barracks  
  173  10:34  Command Center  
  173  10:35  Command Center  
  173  10:37  Viking x2  
  173  10:42  Siege Tank  
  180  10:45  Starport Reactor  
  180  10:47  Starport  
  180  10:49  Terran Vehicle Weapons Level 2  
  180  10:53  Personal Cloaking  
  180  11:02  Missile Turret  
  180  11:03  Missile Turret  
  180  11:06  Barracks Tech Lab x2  
  180  11:07  Viking x2, Concussive Shells  
  180  11:10  Barracks Tech Lab  
  184  11:24  Viking x2  
  184  11:25  Missile Turret  
  190  11:27  Terran Ship Weapons Level 1, Missile Turret, Starport Reactor  
  190  11:29  Missile Turret  
  188  11:37  Viking  
  190  11:43  Unknown  
  190  11:45  Planetary Fortress  
  190  11:47  Viking  
  190  11:48  Orbital Command  
  190  11:52  Terran Infantry Weapons Level 3  
  190  11:54  Viking x2  
  196  12:03  Viking  
  196  12:07  Viking  
  196  12:08  Fusion Core  
  200  12:14  Sensor Tower  
  200  12:18  Nuke, Command Center  
  200  12:23  Missile Turret  
  200  12:24  Smart Servos  
  200  12:26  Terran Infantry Armor Level 3  
  196  12:44  Command Center  
  196  12:46  Sensor Tower, Command Center  
  196  12:48  Liberator  
  199  13:17  Viking x2  
  192  13:20  Viking  
  192  13:23  Viking  
  192  13:26  Viking  
  193  13:28  Nuke  
  193  13:29  Terran Ship Weapons Level 2  
  193  13:30  Weapon Refit  
  193  13:31  Terran Vehicle And Ship Armor Level 1  
  193  13:33  Ghost x2  
  191  13:39  Marine  
  184  13:43  Ghost x2  
  184  13:46  Viking  
  187  13:52  Command Center  
  187  13:55  Orbital Command  
  184  13:58  Command Center  
  184  13:59  Orbital Command x2  
  184  14:00  Marine, Marauder  
  184  14:01  Command Center  
  187  14:16  Nuke  
  182  14:29  Neosteel Armor  
  177  14:37  Starport  
  175  14:41  Starport  
  175  14:44  Starport  
  175  14:45  Starport  
  175  14:49  Command Center  
  172  14:56  Sensor Tower  
  172  15:03  Hi-Sec Auto Tracking  
  166  15:10  Advanced Ballistics  
  166  15:13  Orbital Command  
  166  15:16  Ghost  
  149  15:24  Starport Tech Lab x4  
  149  15:25  Siege Tank, Marine  
  149  15:26  Marine x2, Marauder x5  
  149  15:28  Marine  
  162  15:30  Orbital Command  
  162  15:45  Terran Vehicle And Ship Armor Level 2  
  162  15:46  Ghost, Marauder  
  162  15:47  Marauder x4  
  162  15:49  Command Center  
  174  16:03  Battlecruiser x4  
  196  16:06  Ghost  
  196  16:08  Ghost  
  196  16:15  Ghost  
  196  16:17  Marine, Marauder  
  199  16:39  Ghost x3  
  195  16:45  Command Center  
  194  16:48  Planetary Fortress  
  194  16:52  Nuke  
  194  16:55  Orbital Command  
  194  17:05  Orbital Command  
  194  17:07  Battlecruiser  
  196  17:16  Sensor Tower  
  196  17:27  Battlecruiser  
  199  17:30  Marine  
  199  17:34  Terran Ship Weapons Level 3  
  200  17:39  Sensor Tower  
  200  17:52  Sensor Tower  
  200  17:54  Command Center  
  197  18:06  Refinery  
  197  18:08  Refinery  
  191  18:20  Viking x3  
  191  18:21  Viking  
  199  18:32  Missile Turret  
  199  18:36  Missile Turret  
  199  18:52  Command Center  
  199  18:55  Terran Vehicle And Ship Armor Level 3  
  187  19:10  Marine  
  187  19:12  Marine  
  187  19:13  Battlecruiser x2, Marauder  
  194  19:21  Viking  
  194  19:23  Ghost x3, Viking  
  194  19:24  Marine, Ghost x2  
  172  19:29  Siege Tank  
  172  19:31  Orbital Command  
  186  19:33  Ghost  
  194  19:38  Battlecruiser  
  194  19:43  Orbital Command  
  194  19:44  Marine  
  193  19:50  Marine x2  
  193  19:52  Ghost x2  
  195  19:58  Nuke  
  199  20:16  Sensor Tower  
  199  20:24  Command Center  
  198  20:30  Ghost  
  190  20:43  Battlecruiser  
  190  20:47  Battlecruiser  
  194  20:52  Ghost  
  184  21:13  Ghost x2  
  184  21:17  Orbital Command  
  184  21:31  Missile Turret  
  178  21:46  Marine x4, Command Center  
  181  21:47  Sensor Tower  
  156  22:02  Marine  
  156  22:04  Marine  
  164  22:13  Planetary Fortress  
  164  22:14  Marine, Marauder x4  
  167  22:16  Marine x2  
  167  22:21  Marauder  
  167  22:22  Marine  
  172  22:26  Command Center  
  172  22:32  Marine  
  172  22:33  Marine  
  172  22:34  Marine  
  172  22:35  Marine x2  
  172  22:36  Marauder x2, Missile Turret x2  
  180  22:39  Marine  
  180  22:42  Marauder  
  180  22:50  Marine  
  169  22:51  Marine x3  
  169  22:53  Marine x2  
  169  22:56  Marine  
  169  22:57  Marine x2  
  176  23:01  Viking x2  
  176  23:03  Marine  
  181  23:07  Marine  
  181  23:09  Marine x3  
  181  23:10  Orbital Command  
  181  23:11  Marine x2  
  181  23:14  Marine x2  
  181  23:15  Marine  
  184  23:21  Marine  
  184  23:25  Marine  
  184  23:27  Marine x3  
  180  23:29  Marine x2  
  180  23:32  Marine x2, Orbital Command  
  180  23:33  Marine  
  179  23:34  Viking  
  179  23:39  Marine  
  170  23:43  Marine  
  170  23:44  Marine  
  170  23:45  Marine x2, Viking  
  170  23:47  Marine x2  
  172  23:50  Marine x2  
  172  23:51  Marine  
  174  23:56  Marine  
  174  24:01  Marine  
  174  24:02  Marine x2  
  169  24:03  Marine  
  169  24:04  Marine x2  
  169  24:08  Marine x2  
  169  24:09  Marine  
  177  24:14  Marine  
  178  24:17  Orbital Command  
  178  24:19  Marine  
  178  24:20  Marine x2  
  178  24:21  Marine  
  178  24:22  Marine x2, Viking x2  
  188  24:26  Marine x3  
  188  24:32  Marine  
  188  24:36  Marine  
  188  24:38  Marine x3  
  190  24:40  Marine x2, Orbital Command  
  190  24:43  Marine  
  190  24:44  Marine x2  
  198  24:47  Viking  
  198  24:51  Missile Turret  
  197  25:16  Ghost  
  197  25:19  Marine x2  
  193  25:21  Marine  
  193  25:25  Marine  
  193  25:26  Marine  
  193  25:28  Marine x4  
  184  25:37  Marine x2  
  184  25:39  Marine  
  184  25:43  Marine  
  184  25:44  Marine  
  184  25:45  Marine  
  184  25:46  Marine x4  
  166  25:52  Viking  
  166  25:55  Marine x2  
  142  25:57  Marine, Orbital Command  
  142  26:01  Marine  
  142  26:02  Marine x2  
  142  26:03  Marine  
  145  26:07  Marine  
  131  26:29  Medivac x2  
  133  26:35  Medivac  
  133  26:37  Medivac  
  137  26:42  Medivac  
  125  26:55  Viking  
  120  27:15  Marine x5  
  120  27:16  Marine x3  
Show
View Real Time Build Order
Export as new Build Order

Zoun Protoss - Winner!

Build Orders: 1 Gate Expand, Phoenix Opening, Carriers, Zealot Archon, Colossus Rush 

Get SALT Encoding   

  12  0:00  Probe  
  13  0:12  Probe  
  14  0:17  Pylon  
  14  0:24  Probe (Chrono Boost)  
  15  0:36  Probe (Chrono Boost)  
  15  0:37  Gateway  
  16  0:44  Probe (Chrono Boost)  
  16  0:46  Assimilator  
  17  0:51  Probe  
  18  1:03  Probe  
  19  1:15  Probe  
  20  1:23  Cybernetics Core  
  20  1:34  Nexus  
  20  1:36  Probe  
  21  1:45  Pylon  
  21  1:48  Probe  
  21  1:52  Assimilator  
  22  2:00  Probe, Adept (Chrono Boost)  
  25  2:12  Probe  
  26  2:19  Stargate  
  26  2:24  Probe, Adept  
  29  2:34  Warp Gate  
  29  2:36  Probe (Chrono Boost)  
  30  2:48  Probe x2 (Chrono Boost)  
  32  2:54  Adept  
  32  2:56  Probe x2 (Chrono Boost)  
  36  3:01  Probe (Chrono Boost)  
  36  3:03  Probe  
  36  3:05  Phoenix  
  40  3:15  Probe  
  40  3:19  Shield Battery, Gateway  
  41  3:27  Probe  
  42  3:30  Phoenix  
  42  3:32  Pylon  
  42  3:33  Probe  
  45  3:39  Probe  
  46  3:53  Probe  
  46  3:55  Phoenix  
  49  3:58  Probe  
  47  4:05  Probe (Chrono Boost)  
  47  4:09  Robotics Facility  
  48  4:10  Assimilator  
  48  4:11  Pylon, Assimilator  
  50  4:17  Probe x2 (Chrono Boost)  
  50  4:22  Probe (Chrono Boost), Phoenix  
  52  4:24  Probe (Chrono Boost)  
  52  4:29  Pylon  
  52  4:31  Probe  
  52  4:35  Probe  
  54  4:43  Probe  
  55  4:47  Pylon  
  55  4:48  Probe  
  56  4:55  Probe  
  56  4:59  Robotics Bay  
  57  5:02  Probe (Chrono Boost)  
  57  5:04  Observer  
  59  5:07  Nexus  
  59  5:08  Probe (Chrono Boost)  
  59  5:11  Pylon  
  59  5:13  Sentry  
  63  5:17  Probe x2 (Chrono Boost)  
  64  5:24  Probe  
  64  5:28  Probe, Stalker  
  65  5:34  Observer  
  65  5:36  Probe  
  64  5:43  Colossus (Chrono Boost)  
  64  5:47  Extended Thermal Lance  
  64  5:48  Probe x2  
  72  5:55  Observer  
  72  6:00  Probe x2  
  72  6:02  Twilight Council  
  72  6:03  Forge  
  74  6:06  Observer  
  74  6:12  Probe x2  
  76  6:19  Probe  
  76  6:24  Colossus (Chrono Boost), Probe  
  76  6:25  Probe  
  79  6:31  Probe  
  79  6:32  Shield Battery  
  86  6:35  Charge (Chrono Boost)  
  86  6:36  Protoss Ground Weapons Level 1, Probe  
  86  6:37  Gateway, Probe  
  88  6:41  Observer  
  88  6:43  Pylon, Probe  
  89  6:49  Probe x2  
  89  6:52  Observer  
  91  6:55  Templar Archives  
  91  6:56  Gateway  
  91  6:57  Probe  
  91  7:00  Gateway  
  91  7:01  Gateway, Probe  
  93  7:08  Pylon  
  93  7:10  Gateway  
  93  7:13  Gateway  
  93  7:16  Warp Prism  
  93  7:19  Phoenix  
  97  7:26  Pylon  
  97  7:27  Pylon  
  97  7:29  Gateway  
  97  7:40  Nexus, Probe  
  97  7:43  Pylon  
  98  7:51  Colossus  
  98  7:52  Pylon  
  98  7:54  High Templar  
  98  7:55  High Templar  
  108  7:58  Archon  
  108  7:59  Zealot x4  
  116  8:10  Zealot  
  116  8:11  Zealot  
  118  8:14  Phoenix  
  118  8:19  Probe  
  122  8:20  Probe x2  
  122  8:25  Zealot x2  
  122  8:26  Zealot x2  
  131  8:32  Probe  
  132  8:40  Probe x2  
  134  8:41  Shield Battery  
  134  8:42  Protoss Ground Weapons Level 2 (Chrono Boost)  
  134  8:46  Photon Cannon, Blink  
  134  8:48  Probe  
  135  8:52  Probe, Warp Prism (Chrono Boost)  
  135  8:53  Probe  
  135  8:55  High Templar  
  139  8:56  High Templar, Zealot  
  139  8:59  Assimilator x2, Probe  
  139  9:00  Archon, Assimilator, Probe  
  139  9:01  Assimilator  
  145  9:05  Probe x2  
  145  9:11  Probe  
  145  9:12  Pylon, Probe  
  145  9:13  Forge  
  148  9:17  Probe x2  
  148  9:22  Robotics Facility  
  148  9:23  Probe  
  150  9:27  Observer (Chrono Boost)  
  151  9:43  Probe x3  
  148  9:46  Protoss Ground Armor Level 1 (Chrono Boost)  
  148  9:52  Fleet Beacon, Stargate  
  148  9:53  Stargate  
  148  9:54  Zealot  
  148  9:55  Zealot  
  148  9:56  Pylon  
  148  9:59  Disruptor (Chrono Boost)  
  152  10:06  Protoss Air Weapons Level 1  
  155  10:08  Nexus  
  155  10:09  Pylon  
  158  10:14  Assimilator  
  158  10:15  Assimilator, Disruptor (Chrono Boost)  
  158  10:17  Observer  
  158  10:23  Gateway  
  158  10:27  High Templar x2  
  158  10:28  Zealot x7  
  170  10:29  Disruptor (Chrono Boost)  
  170  10:32  Archon  
  170  10:33  Shield Battery  
  170  10:35  Photon Cannon  
  179  10:36  Observer  
  179  10:37  Photon Cannon  
  179  10:40  Photon Cannon  
  178  10:47  Observer (Chrono Boost)  
  179  10:55  Tempest (Chrono Boost)  
  179  10:56  Photon Cannon  
  184  10:58  Photon Cannon  
  184  11:01  Photon Cannon  
  184  11:02  Shield Battery  
  184  11:06  Observer  
  184  11:11  Disruptor  
  184  11:12  Observer  
  184  11:13  Photon Cannon  
  184  11:14  Pylon  
  184  11:16  Pylon, Tempest x2 (Chrono Boost), Protoss Ground Weapons Level 3 (Chrono Boost)  
  198  11:29  Observer  
  198  11:39  Disruptor  
  193  11:41  Tempest  
  193  11:47  Photon Cannon  
  198  11:48  Photon Cannon  
  198  11:49  Pylon  
  198  11:59  Stalker  
  200  12:02  Observer  
  200  12:03  Protoss Ground Armor Level 2  
  200  12:08  Psionic Storm, Gravitic Boosters  
  200  12:12  Observer  
  200  12:14  Gateway  
  200  12:16  Protoss Air Weapons Level 2 (Chrono Boost)  
  200  12:18  Gateway  
  200  12:19  Gateway  
  200  12:22  Unknown  
  200  12:30  Nexus  
  200  12:35  Pylon  
  200  12:37  Pylon  
  200  12:42  Oracle  
  195  12:55  Shield Battery  
  195  12:58  Shield Battery  
  195  12:59  Photon Cannon, Observer  
  195  13:00  High Templar x2, Photon Cannon  
  195  13:02  Photon Cannon  
  195  13:05  Photon Cannon, Gravitic Drive  
  198  13:06  Photon Cannon  
  198  13:08  Photon Cannon  
  198  13:10  Shield Battery, Stalker x3  
  199  13:22  Zealot x2  
  198  13:31  Zealot x2  
  185  13:45  Stalker x3, Observer  
  191  13:51  Pylon  
  191  13:53  Pylon  
  190  13:56  Observer  
  190  14:05  High Templar x3  
  191  14:26  Stalker x2  
  190  14:42  Probe x4  
  190  14:45  Observer  
  194  14:58  Tempest, Oracle  
  200  15:13  Observer  
  193  15:27  Zealot x8  
  199  15:31  Unknown  
  199  15:34  Protoss Shields Level 1 (Chrono Boost)  
  198  15:41  Protoss Ground Armor Level 3 (Chrono Boost)  
  197  15:43  Protoss Air Weapons Level 3  
  190  16:10  Tempest  
  195  16:15  Carrier  
  196  16:21  Dark Shrine  
  196  16:31  Carrier  
  183  16:42  Stalker x9  
  199  16:53  Flux Vanes  
  199  16:58  Observer  
  199  17:01  Nexus  
  200  17:04  Pylon  
  200  17:09  Assimilator  
  200  17:10  Assimilator  
  191  17:25  Observer  
  187  17:30  Protoss Shields Level 2 (Chrono Boost)  
  187  17:32  Stalker x6  
  187  17:33  Stalker x4  
  197  17:44  Observer  
  197  17:48  Observer (Chrono Boost)  
  198  17:51  Observer  
  198  17:54  Observer  
  198  17:56  Dark Templar  
  191  18:10  Carrier  
  191  18:11  Carrier  
  197  18:25  Dark Templar  
  156  18:27  Shadow Stride (Chrono Boost)  
  199  18:29  Protoss Air Armor Level 1  
  199  18:33  Pylon  
  199  18:43  Photon Cannon  
  199  18:44  Photon Cannon  
  199  18:46  Photon Cannon  
  199  18:48  Photon Cannon, Observer  
  199  18:50  Photon Cannon  
  199  18:51  Shield Battery  
  199  18:53  Shield Battery  
  199  18:57  Pylon  
  199  19:01  Observer  
  200  19:09  Archon  
  184  19:12  Stalker  
  184  19:13  Stalker x8  
  184  19:15  Disruptor  
  180  19:22  Disruptor  
  180  19:23  Zealot x3  
  180  19:24  Zealot  
  170  19:26  Carrier x3 (Chrono Boost)  
  176  19:39  Protoss Shields Level 3  
  170  19:50  Disruptor  
  173  19:54  Dark Templar x5  
  173  19:55  Dark Templar x6  
  173  19:57  Disruptor  
  173  19:58  Stalker x2  
  200  20:20  Stargate x2  
  200  20:22  Stargate  
  199  20:30  Observer  
  196  20:47  Stalker x8  
  196  20:48  Stalker  
  199  20:54  Tempest x3 (Chrono Boost)  
  192  21:06  Stalker x2  
  192  21:26  Tempest  
  197  21:37  Nexus  
  197  21:38  Pylon  
  195  21:40  Pylon  
  185  21:55  Disruptor x2  
  185  21:56  Observer  
  183  22:01  Tempest (Chrono Boost)  
  183  22:02  Tempest (Chrono Boost), Observer  
  183  22:07  Dark Templar x2  
  200  22:11  Tempest (Chrono Boost)  
  200  22:26  Protoss Air Armor Level 2 (Chrono Boost)  
  199  22:47  Stalker x3  
  186  23:01  Stalker x4  
  186  23:02  Stalker  
  196  23:05  Zealot  
  196  23:06  Zealot  
  196  23:07  Nexus  
  196  23:12  Tempest  
  189  23:13  Tempest  
  189  23:19  Pylon  
  189  23:41  Zealot x4  
  189  23:42  Zealot  
  191  23:49  Zealot, Carrier  
  191  23:51  Observer  
  191  24:12  Observer  
  191  24:16  Dark Templar x4  
  198  24:41  Dark Templar x2  
  200  25:00  Assimilator  
  200  25:02  Assimilator  
  200  25:03  Shield Battery  
  200  25:06  Shield Battery, Photon Cannon  
  198  25:07  Photon Cannon  
  198  25:08  Shield Battery, Photon Cannon  
  198  25:10  High Templar  
  194  25:32  Stalker x3  
  195  25:46  Zealot x6  
  195  25:48  Zealot x2  
  195  25:49  Zealot  
  186  25:51  Disruptor x2  
  124  25:57  High Templar x4  
  124  25:58  Zealot x3  
  124  25:59  Carrier x4 (Chrono Boost)  
  124  26:02  Archon  
  124  26:03  Archon  
  141  26:04  Carrier (Chrono Boost)  
  141  26:05  Carrier (Chrono Boost)  
  141  26:06  Zealot x4  
  141  26:07  Zealot x2  
  153  26:15  Observer  
  151  26:28  Stalker x3  
  151  26:29  Stalker x7  
  151  26:30  Stalker  
  151  26:32  Nexus  
  173  26:34  Pylon  
  173  26:38  Nexus  
  172  26:52  Zealot x4  
  172  26:53  Zealot x9  
  194  27:21  Stalker x3  

Tags
 
Add a new tag
Caveats
  • Supply blocks, unpowered buildings, or Contaminate may cause inaccurate times.
  • Supply counts are checked every 10 seconds.